[Event "*** SCC Grand Prix: Titled Tuesday Blitz"]
[Site "Chess.com"]
[Date "2020.07.07"]
[Round "1"]
[White "sewin16"]
[Black "BlueWizzard"]
[Result "0-1"]
[WhiteElo "2411"]
[BlackElo "2783"]
[TimeControl "180+1"]
[EndTime "10:06:28 PDT"]
[Termination "BlueWizzard won by resignation"]

1. e4 c6 2. d4 g6 3. Nc3 Bg7 4. Nf3 d6 5. h3 b5 6. a3 Nf6 7.
Bf4 O-O 8. e5 dxe5 9. dxe5 Nd5 10. Nxd5 cxd5 11. c3 a6 12. Be2 Nc6 13. Bg3 Bf5 14.
O-O Be4 15. Re1 e6 16. Nd4 Nxe5 17. Bxe5 Bxe5 18. Nc6 Qc7 19. Nxe5 Qxe5 20. f3 Bf5 21.
Bf1 Qg3 22. Kh1 Rfd8 23. Qd4 h5 24. a4 bxa4 25. Qxa4 Rab8 26. b4 d4 27. c4 d3 28. c5 Rd4 29. Qxa6 Rdxb4 30. c6 Bxh3 31. Qxd3 Bf5 32. Qd7 Qf2 33. Qe7 Rh4+ 0-1

[Event "*** SCC Grand Prix: Titled Tuesday Blitz"]
[Site "Chess.com"]
[Date "2020.07.07"]
[Round "1"]
[White "NowInChess"]
[Black "vovachesss"]
[Result "0-1"]
[WhiteElo "2183"]
[BlackElo "2540"]
[TimeControl "180+1"]
[EndTime "10:06:29 PDT"]
[Termination "vovachesss won by resignation"]

1. e4 Nf6 2. e5 Nd5 3. Nc3 Nxc3 4.
bxc3 d5 5. d4 c5 6. Be3 Nc6 7.
Nf3 Bg4 8. Be2 e6 9. O-O Qa5 10. c4 dxc4 11. d5 O-O-O 12. dxc6 Rxd1 13. cxb7+ Kxb7 14. Rfxd1 Kc7 15. Bxc4 Be7 16. Rd3 Rd8 17. Rb3 Rb8 18. Rd3 Bf5 19. Rd2 Rd8 20. Rxd8 Bxd8 21. Rd1 Bxc2 22. Rc1 Be4 23. Bxc5 Qxc5 24. Nd2 Bd5 25.
Nb3 Qxc4 26. Rxc4+ Bxc4 0-1

[Event "*** SCC Grand Prix: Titled Tuesday Blitz"]
[Site "Chess.com"]
[Date "2020.07.07"]
[Round "1"]
[White "SiddharthGMJagadeesh"]
[Black "Konavets"]
[Result "0-1"]
[WhiteElo "2453"]
[BlackElo "2959"]
[TimeControl "180+1"]
[EndTime "10:06:30 PDT"]
[Termination "Konavets won by resignation"]

1. d4 Nf6 2. Nc3 d5 3. Bf4 Bf5 4. f3 e6 5. g4 Bg6 6. h4 h6 7.
e3 Bd6 8. Nh3 Bb4 9. Bd3 Bxd3 10. Qxd3 c6 11. O-O-O Nbd7 12. g5 Nh5 13. Ne2 Nxf4 14.
Nexf4 Qe7 15. Rhg1 hxg5 16. Rxg5 g6 17. Rxg6 fxg6 18.
Nxg6 Qf6 19. Nxh8 Qxh8 20. Qg6+ Ke7 21. Nf4 Qg8 22. Qh6 Bd6 23. Ng6+ Kd8 24. Rg1 Kc7 25.
Rg4 Qf7 26. Nf4 Bxf4 27. Rxf4 Qe7 28. c3 Rg8 29. Rg4 Rf8 30. Rg7 Rf7 31. Rxf7 Qxf7 32. f4 Nf6 33. Qg5 Kd7 34. Qe5 Ne4 35. Qb8 Nd6 36.
Qh8 Qg6 37. h5 Qg1+ 38. Kc2 Qg2+ 39. Kb3 Nc4 40. Qh7+ Kd6 41. Qc2 Na5+ 0-1

[Event "*** SCC Grand Prix: Titled Tuesday Blitz"]
[Site "Chess.com"]
[Date "2020.07.07"]
[Round "1"]
[White "IMHansNiemann"]
[Black "bratkoo"]
[Result "1-0"]
[WhiteElo "2927"]
[BlackElo "2450"]
[TimeControl "180+1"]
[EndTime "10:06:30 PDT"]
[Termination "IMHansNiemann won by resignation"]

1. d4 e6 2. c4 d5 3. Nf3 c6 4.
Nc3 dxc4 5. a4 Bb4 6. e4 Nf6 7.
e5 Nd5 8. Bd2 Bxc3 9. bxc3 b5 10. Ng5 h6 11. Ne4 O-O 12. Qh5 f5 13. Nd6 Bd7 14. Be2 Be8 15. Qh3 Nd7 16. g4 f4 17. g5 Qxg5 18. Qxe6+ Kh8 19. Nxe8 Rfxe8 20. Qxd7 b4 21. Qg4 bxc3 22. Bc1 Qxg4 23. Bxg4 c5 24. dxc5 Rxe5+ 25. Kf1 Nb4 26. Bxf4 Re4 27. Bf3 Rxf4 28. Bxa8 Nd3 29. Ke2 c2 30. Rac1 Rxf2+ 31. Ke3 Nxc1 32. Rxc1 Rxh2 33. c6 Rh5 34. Rxc2 a5 35. Rxc4 Rh3+ 36. Kd4 Rh4+ 37. Kc5 1-0

[Event "*** SCC Grand Prix: Titled Tuesday Blitz"]
[Site "Chess.com"]
[Date "2020.07.07"]
[Round "1"]
[White "Kobalia"]
[Black "Region_07"]
[Result "1-0"]
[WhiteElo "2688"]
[BlackElo "2368"]
[TimeControl "180+1"]
[EndTime "10:06:30 PDT"]
[Termination "Kobalia won on time"]

1. e4 Nc6 2. Nf3 d6 3. d4 Nf6 4.
Nc3 g6 5. Bc4 Bg7 6. Qe2 e5 7.
dxe5 Nxe5 8. Nxe5 dxe5 9. Bg5 c6 10. Rd1 Qc7 11. h3 O-O 12. Qf3 Nh5 13. O-O Nf4 14. Ne2 Be6 15. Bxe6 Nxe6 16. Be3 Rad8 17. c3 b6 18. Nc1 Rxd1 19. Rxd1 Rd8 20. a4 Rd7 21.
b4 Qd8 22. Rxd7 Qxd7 23. Qe2 Nf4 24. Qd2 Qxd2 25. Bxd2 Kf8 26. h4 Ke7 27. g3 Ne6 28. Kf1 Kd7 29. Ke2 Bf8 30. Kd3 a6 31.
c4 b5 32. axb5 axb5 33. c5 Nd4 34. Bc3 Nf3 35. Ke2 Nd4+ 36. Bxd4 exd4 37. Kd3 Bg7 38. Nb3 Ke6 39. f4 h5 40. Nxd4+ Kd7 41. e5 Kc7 42. Ke4 1-0

[Event "*** SCC Grand Prix: Titled Tuesday Blitz"]
[Site "Chess.com"]
[Date "2020.07.07"]
[Round "1"]
[White "731291"]
[Black "diablanni"]
[Result "1-0"]
[WhiteElo "2621"]
[BlackElo "2300"]
[TimeControl "180+1"]
[EndTime "10:06:30 PDT"]
[Termination "731291 won by resignation"]

1. d4 Nf6 2. Nf3 e6 3. c4 Bb4+ 4. Bd2 Qe7 5. g3 Nc6 6. Bg2 Bxd2+ 7. Qxd2 Ne4 8. Qc2 Qb4+ 9. Kf1 f5 10. a3 Qe7 11.
Nc3 Nxc3 12. Qxc3 O-O 13. Rd1 d6 14. b4 Qf6 15. e3 e5 16. dxe5 Nxe5 17. c5 Bd7 18. Nxe5 Bb5+ 19. Kg1 dxe5 20. Bxb7 Rad8 21. Kg2 c6 22. Qb3+ Kh8 23. a4 Be2 24. Rxd8 Rxd8 25. b5 e4 26. Re1 Bf3+ 27. Kg1 Qh6 28. Qc4 Rd3 29. Qf7 Rd8 30. h4 Bg4 31. bxc6 1-0

[Event "*** SCC Grand Prix: Titled Tuesday Blitz"]
[Site "Chess.com"]
[Date "2020.07.07"]
[Round "1"]
[White "jocmil"]
[Black "Duhless"]
[Result "0-1"]
[WhiteElo "2464"]
[BlackElo "3067"]
[TimeControl "180+1"]
[EndTime "10:06:32 PDT"]
[Termination "Duhless won by resignation"]

1. d4 Nf6 2. Nf3 g6 3. g3 b6 4. Bg2 Bb7 5. O-O c5 6. c4 cxd4 7. Nxd4 Bxg2 8. Kxg2 Bg7 9. b3 O-O 10. Bb2 d5 11. Na3 Qc8 12. Nf3 dxc4 13. Nxc4 Qb7 14. Rc1 Nbd7 15. Ne5 Nxe5 16. Bxe5 Rac8 17. Rxc8 Rxc8 18.
Qd3 h6 19. Rd1 Kh7 20. Bxf6 Bxf6 21. Qd5 Qxd5 22. Rxd5 Rc2 23. Rd2 Rc7 24. e4 e6 25.
e5 Be7 26. Nd4 a6 27. Rc2 Rd7 28. Nc6 Ba3 29. Nb8 Rd5 30. f4 a5 31. Kf3 g5 32. Rc7 Kg6 33. Nc6 Rd2 34. h4 gxh4 35. gxh4 h5 36. Rb7 Bc5 37. Nd8 0-1

[Event "*** SCC Grand Prix: Titled Tuesday Blitz"]
[Site "Chess.com"]
[Date "2020.07.07"]
[Round "1"]
[White "HouseOfDurin"]
[Black "JesseKraai"]
[Result "0-1"]
[WhiteElo "2036"]
[BlackElo "2490"]
[TimeControl "180+1"]
[EndTime "10:06:32 PDT"]
[Termination "JesseKraai won on time"]

1. d4 e6 2. h4 Nf6 3. Bg5 Be7 4. Nf3 d5 5. e3 c5 6. c4 cxd4 7. exd4 Nc6 8. Nc3 O-O 9. cxd5 Nxd5 10. Bxe7 Qxe7 11.
Bd3 Qf6 12. O-O Nf4 13. Bb1 Rd8 14. Ne4 Qe7 15. g3 Nd5 16. Nc3 Nxc3 17. bxc3 Bd7 18. Re1 Qf6 19. Qd3 g6 20. Bc2 Rac8 21. Rad1 b5 22. Ng5 Be8 23. Ne4 Qe7 24. Nc5 b4 25. Bb3 Rd6 26. Qc4 bxc3 27. Nxe6 Qf6 28. Nc5 Nxd4 0-1

[Event "*** SCC Grand Prix: Titled Tuesday Blitz"]
[Site "Chess.com"]
[Date "2020.07.07"]
[Round "1"]
[White "PSvidler"]
[Black "chessablanca"]
[Result "1-0"]
[WhiteElo "3010"]
[BlackElo "2460"]
[TimeControl "180+1"]
[EndTime "10:06:33 PDT"]
[Termination "PSvidler won by resignation"]

1. e4 e5 2. Nf3 Nc6 3. Bb5 a6 4. Ba4 Nf6 5. O-O Be7 6. d3 b5 7.
Bb3 d6 8. a4 b4 9. Nbd2 O-O 10.
a5 Rb8 11. Re1 Be6 12. Bxe6 fxe6 13. c3 Nh5 14. Nc4 Nf4 15. g3 Ng6 16. Kg2 Qe8 17.
d4 exd4 18. cxd4 Qf7 19. Be3 d5 20. exd5 exd5 21. Ncd2 Bd6 22. Qc2 Qd7 23. Ng5 Rbe8 24. Ndf3 Nce7 25. Ne5 Bxe5 26. dxe5 d4 27. Qc4+ Kh8 28.
Bxd4 Nf5 29. Rad1 Nfh4+ 30. gxh4 Qg4+ 31. Kh1 Nxh4 32. Rg1 Qh5 33. e6 Nf3 34. Bxg7+ Kxg7 35. Nxf3+ Kh8 36. Qd4+ 1-0

[Event "*** SCC Grand Prix: Titled Tuesday Blitz"]
[Site "Chess.com"]
[Date "2020.07.07"]
[Round "1"]
[White "Shushik"]
[Black "Sashadav97"]
[Result "0-1"]
[WhiteElo "2197"]
[BlackElo "2545"]
[TimeControl "180+1"]
[EndTime "10:06:33 PDT"]
[Termination "Sashadav97 won by resignation"]

1. e4 c5 2. Nf3 Nc6 3. d4 cxd4 4. Nxd4 Nf6 5. Nc3 d6 6. Bg5 e6 7. f3 Be7 8. Qd2 a6 9. O-O-O O-O 10. g4 Nxd4 11. Qxd4 e5 12. Qd2 Be6 13. Be3 Rc8 14.
Kb1 b5 15. g5 Nh5 16. h4 Ng3 17. Rg1 Nxf1 18. Rdxf1 Qc7 19. Rf2 Qc4 20. h5 b4 21.
Nd5 Bxd5 22. exd5 f5 23. gxf6 Bxf6 24. Rfg2 Rf7 25. Bg5 Rcc7 26. Rg4 Bxg5 27. Rxg5 Qf4 28. Qg2 Qxf3 29. Qd2 Qf1+ 30. Rxf1 Rxf1+ 31. Qc1 Rxc1+ 32. Kxc1 Rc5 33. Rg4 a5 34. Kd2 Rxd5+ 35. Ke3 Rc5 36.
Kd3 Kf7 37. Rg5 e4+ 0-1

[Event "*** SCC Grand Prix: Titled Tuesday Blitz"]
[Site "Chess.com"]
[Date "2020.07.07"]
[Round "1"]
[White "rugbyclub"]
[Black "maximnovik"]
[Result "1-0"]
[WhiteElo "2153"]
[BlackElo "2499"]
[TimeControl "180+1"]
[EndTime "10:06:33 PDT"]
[Termination "rugbyclub won on time"]

1. c4 Nf6 2. Nc3 d5 3. cxd5 Nxd5 4. Nf3 g6 5. h4 Bg7 6. h5 O-O 7.
hxg6 hxg6 8. e4 Nb4 9. d3 Bg4 10.
Be3 N4c6 11. Be2 Bxf3 12. Bxf3 Nd4 13. Qd2 c5 14. O-O-O Nbc6 15. Bh6 Bf6 16. Nd5 Be5 17. Rh3 e6 18. Ne3 Re8 19. Ng4 Nxf3 20. gxf3 Bd4 21.
Rdh1 1-0

[Event "*** SCC Grand Prix: Titled Tuesday Blitz"]
[Site "Chess.com"]
[Date "2020.07.07"]
[Round "1"]
[White "biaf13"]
[Black "KNCP_719"]
[Result "0-1"]
[WhiteElo "1949"]
[BlackElo "2480"]
[TimeControl "180+1"]
[EndTime "10:06:33 PDT"]
[Termination "KNCP_719 won by resignation"]

1. e4 c6 2. d4 d5 3. e5 c5 4. dxc5 e6 5. b4 a5 6. c3 Nc6 7. Bb5 Bd7 8. Bxc6 Bxc6 9. Nf3 b6 10. Be3 bxc5 11. Bxc5 Bxc5 12. bxc5 Ne7 13. O-O O-O 14. Qd4 Qc7 15. Nbd2 Rfc8 16. Ng5 h6 17. Ngf3 Bb5 18. Rfb1 Qxc5 19. Qxc5 Rxc5 20. Nb3 Rxc3 21.
Nbd4 Ba6 22. Rb6 Rac8 23. h3 Bd3 24. Kh2 Nf5 25. Rd1 Nxd4 26. Nxd4 Bc4 27. Nc6 Rc7 28.
Nxa5 Bxa2 29. Ra1 Rc2 30. Nb3 Bxb3 31. Rxb3 Rxf2 32. Kg3 Rcc2 33. Ra8+ Kh7 34. Kh4 Rxg2 35. Rf8 Rc4+ 0-1

[Event "*** SCC Grand Prix: Titled Tuesday Blitz"]
[Site "Chess.com"]
[Date "2020.07.07"]
[Round "1"]
[White "Evachess2006"]
[Black "Ermito2020"]
[Result "0-1"]
[WhiteElo "1620"]
[BlackElo "2469"]
[TimeControl "180+1"]
[EndTime "10:06:34 PDT"]
[Termination "Ermito2020 won on time"]

1. e4 e6 2. d4 d5 3. exd5 exd5 4.
Bd3 Nc6 5. Nf3 Bd6 6. O-O Bg4 7. Re1+ Nge7 8. c3 Qd7 9. Bg5 f6 10.
Bh4 O-O-O 11. Nbd2 Ng6 12. Bg3 Nf4 13. Qc2 h5 14. h3 Nxd3 15. Qxd3 Bf5 16. Qe2 Bxg3 17.
fxg3 Qd6 18. Qf2 Kb8 19. Re3 Bc8 20. Rae1 g5 21. Nb3 b6 22. Nfd2 h4 23. g4 Rhf8 24. Rf3 Ne7 25. Rf1 f5 26. gxf5 Nxf5 27. Re1 Ng3 28.
Re5 Ne4 29. Nxe4 dxe4 30. Rxe4 Bb7 0-1

[Event "*** SCC Grand Prix: Titled Tuesday Blitz"]
[Site "Chess.com"]
[Date "2020.07.07"]
[Round "1"]
[White "GracefulYear"]
[Black "Beca95"]
[Result "0-1"]
[WhiteElo "2449"]
[BlackElo "2921"]
[TimeControl "180+1"]
[EndTime "10:06:35 PDT"]
[Termination "Beca95 won by resignation"]

1. d4 Nf6 2. Nf3 e6 3. c4 c5 4. d5 d6 5. g3 exd5 6. cxd5 g6 7.
Bg2 Bg7 8. O-O O-O 9. Nc3 Re8 10. Bg5 h6 11. Bf4 Na6 12. Nd2 g5 13. Be3 Ng4 14. Nc4 Nxe3 15. Nxe3 f5 16. Nc4 Nc7 17. Qc2 b5 18.
Nd2 Qf6 19. e4 f4 20. Nf3 g4 21. e5 Qf8 22. Nh4 f3 23. Ng6 Bf5 24. Nxf8 Bxc2 25. exd6 fxg2 26. Kxg2 Bxf8 27. dxc7 b4 28. Nd1 Be4+ 29.
Kg1 Rac8 30. Ne3 Rxc7 31. Nxg4 Bg7 32. Rae1 h5 33. f3 Bg6 34. Nf2 Rxe1 35. Rxe1 Rd7 36.
Re6 Bf7 37. Rc6 Bxd5 38. Rxc5 Bxf3 39. Rc8+ Kh7 40. Nh3 Bh6 41. Kf2 Bg4 42. Nf4 Rd2+ 43. Ke3 Bxf4+ 44. Kxf4 Bxc8 0-1

[Event "*** SCC Grand Prix: Titled Tuesday Blitz"]
[Site "Chess.com"]
[Date "2020.07.07"]
[Round "1"]
[White "totoro9"]
[Black "Chessdreamer2020"]
[Result "0-1"]
[WhiteElo "2291"]
[BlackElo "2624"]
[TimeControl "180+1"]
[EndTime "10:06:35 PDT"]
[Termination "Chessdreamer2020 won on time"]

1. e4 c5 2. Nf3 Nc6 3. d4 cxd4 4. Nxd4 Qb6 5. Nb3 Nf6 6. Be3 Qc7 7. N1d2 e6 8. Be2 d5 9. Bf3 Bd6 10. exd5 exd5 11. h3 O-O 12. c3 Re8 13. O-O Bf5 14.
Nd4 Bg6 15. Nb5 Qd7 16. Nxd6 Qxd6 17. Nb3 Ne5 18. Bf4 h6 19. Re1 Nxf3+ 20. Qxf3 Qb6 21.
Be5 Be4 22. Qg3 Nh5 23. Qh2 Qg6 24. f4 Rac8 25. Nd2 Qb6+ 26. Bd4 Qxb2 27. Nxe4 dxe4 28. f5 Qd2 29. Qd6 Nf4 0-1

[Event "*** SCC Grand Prix: Titled Tuesday Blitz"]
[Site "Chess.com"]
[Date "2020.07.07"]
[Round "1"]
[White "Federtiu"]
[Black "poppy73"]
[Result "1-0"]
[WhiteElo "2556"]
[BlackElo "2203"]
[TimeControl "180+1"]
[EndTime "10:06:35 PDT"]
[Termination "Federtiu won by resignation"]

1. e4 c5 2. Nf3 d6 3. d4 cxd4 4. Nxd4 Nf6 5. Nc3 a6 6. h4 e5 7. Nb3 Be6 8. Be2 d5 9. exd5 Nxd5 10. Bg5 f6 11. Nxd5 Qxd5 12. Bh5+ Ke7 13. Bd2 Nc6 14. O-O g6 15. Bf3 e4 16. c4 Qf5 17.
Be2 Kf7 18. Be3 Rd8 19. Qc2 Bd6 20. Rad1 Qe5 21. g3 h5 22. Bf4 Nb4 23. Qb1 Qf5 24.
Bxd6 Nd3 25. Nd4 Qh3 26. Nxe6 Rxd6 27. Bxd3 Rxe6 28. Bxe4 Qg4 29. Bd5 Re8 30. Rde1 Kg7 31. Rxe6 Rxe6 32. Bxe6 Qxe6 33. b3 Kh6 34. Re1 Qg4 35.
Qc1+ g5 36. Qe3 Kg6 37. hxg5 Qxg5 38. Qxg5+ Kxg5 39. Re7 b5 40. Rb7 bxc4 41. bxc4 Kf5 42. c5 Ke5 43. Rb6 Kd5 44. Rxa6 Kxc5 45. Rxf6 Kb4 46.
Rf5 Ka3 47. Rxh5 Kxa2 48. Re5 Kb2 49. Re3 Kc2 50. g4 Kd2 51. g5 Kd1 52. g6 Kd2 53. g7 Kd1 54. g8=Q Kd2 55. Qd5+ 1-0

[Event "*** SCC Grand Prix: Titled Tuesday Blitz"]
[Site "Chess.com"]
[Date "2020.07.07"]
[Round "1"]
[White "Dyadya81"]
[Black "ZEN-22"]
[Result "1-0"]
[WhiteElo "2733"]
[BlackElo "2396"]
[TimeControl "180+1"]
[EndTime "10:06:36 PDT"]
[Termination "Dyadya81 won by resignation"]

1. e4 e5 2. Nf3 Nc6 3. d4 d5 4. exd5 Qxd5 5. Nc3 Bb4 6. Bd2 Bxc3 7.
Bxc3 e4 8. Ne5 Nxe5 9. dxe5 Be6 10. Qxd5 Bxd5 11. O-O-O O-O-O 12. g3 Ne7 13. Bh3+ Be6 14.
Bxe6+ fxe6 15. Rhe1 Rhf8 16. Bb4 Rxd1+ 17. Rxd1 Rf7 18.
Bxe7 Rxe7 19. Kd2 Rd7+ 20. Ke2 Rxd1 21. Kxd1 Kd7 22. Kd2 Kc6 23. c4 Kc5 24. Kc3 a5 25. b3 b5 26. cxb5 Kxb5 27. Kd4 Kb4 28. Kxe4 Ka3 29. f4 g6 30. g4 Kxa2 31. f5 gxf5+ 32. gxf5 exf5+ 33. Kxf5 Kxb3 34. e6 a4 35. e7 a3 36. e8=Q a2 37. Qb5+ Kc2 38. Qc4+ Kb2 39. Qb4+ Kc2 40. Qa3 Kb1 41. Qb3+ Kc1 42. Qxa2 c5 43. Ke4 c4 44. Kd4 c3 45. Kxc3 1-0

[Event "*** SCC Grand Prix: Titled Tuesday Blitz"]
[Site "Chess.com"]
[Date "2020.07.07"]
[Round "1"]
[White "Stronger1799"]
[Black "DonBroca"]
[Result "1-0"]
[WhiteElo "2523"]
[BlackElo "2136"]
[TimeControl "180+1"]
[EndTime "10:06:36 PDT"]
[Termination "Stronger1799 won on time"]

1. e4 c5 2. Nf3 d6 3. d4 cxd4 4. Nxd4 Nf6 5. Nc3 g6 6. Be3 Bg7 7.
Bc4 Nc6 8. Bb3 Bd7 9. f3 Rc8 10. Qd2 O-O 11. O-O-O Ne5 12. Kb1 a6 13. g4 b5 14. g5 Nh5 15. Nd5 Nc4 16. Bxc4 bxc4 17. c3 a5 18. f4 a4 19. a3 Qa5 20. Nxe7+ Kh8 21. Nxc8 Rxc8 22. Nc2 Rb8 23. Qxd6 Rxb2+ 24. Kxb2 Qxc3+ 25. Kc1 Qb2+ 26. Kd2 Bc3+ 27. Ke2 Qxc2+ 28. Kf3 Bg4+ 29. Kxg4 Qg2+ 30. Kh4 1-0

[Event "*** SCC Grand Prix: Titled Tuesday Blitz"]
[Site "Chess.com"]
[Date "2020.07.07"]
[Round "1"]
[White "MiroVlasenko"]
[Black "Bastiandash"]
[Result "1-0"]
[WhiteElo "2635"]
[BlackElo "2310"]
[TimeControl "180+1"]
[EndTime "10:06:37 PDT"]
[Termination "MiroVlasenko won on time"]

1. d4 Nf6 2. Bg5 Ne4 3. Bf4 d5 4. e3 Bf5 5. Bd3 e6 6. Nf3 Bd6 7. Bxd6 Qxd6 8. O-O O-O 9. Nh4 Bg6 10. Nxg6 hxg6 11.
c4 Nf6 12. Nc3 c6 13. f4 Nbd7 14. c5 Qc7 15. b4 b6 16. Qd2 a5 17. a3 axb4 18.
axb4 Rfb8 19. Rfb1 b5 20. h3 Qb7 21. Qb2 Rxa1 22. Rxa1 Ra8 23. Ra3 Ra6 24. Qa2 Nb8 25.
Ra5 Kf8 26. g4 Ke7 27. Kf2 Ne8 28. h4 Nc7 29. Kg3 Qa7 30. Qa3 Rxa5 31. bxa5 Nba6 32.
Na2 Qb8 33. Nb4 Nxb4 34. Qxb4 Na6 35. Qa3 f6 36. Bxg6 e5 37. Bd3 exd4 38. exd4 Kf7 39. h5 Kg8 40. Qc1 Qc7 41. Qe1 1-0

[Event "*** SCC Grand Prix: Titled Tuesday Blitz"]
[Site "Chess.com"]
[Date "2020.07.07"]
[Round "1"]
[White "blitzking1729"]
[Black "dosto07"]
[Result "1-0"]
[WhiteElo "2558"]
[BlackElo "2205"]
[TimeControl "180+1"]
[EndTime "10:06:37 PDT"]
[Termination "blitzking1729 won by resignation"]

1. c4 e5 2. Nc3 Nf6 3. Nf3 Nc6 4.
d3 Bb4 5. Bd2 d5 6. Nxd5 Nxd5 7.
cxd5 Bxd2+ 8. Qxd2 Qxd5 9. e3 O-O 10. Be2 Bg4 11. O-O Rad8 12. Rfd1 a5 13. a3 Qd6 14.
Qc3 Rfe8 15. Rac1 Bh5 16. h3 f6 17. Qb3+ Bf7 18. Qxb7 Bd5 19. Qb5 Rb8 20. Qa4 Rxb2 21. Rd2 Rb6 22. d4 e4 23. Ne1 Reb8 24. Bc4 Bxc4 25.
Qxc4+ Kf8 26. d5 Ne5 27. Qxe4 Kg8 28. g3 g6 29. Nf3 Nxf3+ 30. Qxf3 Rb1 31. Rdd1 R8b7 32.
Rxb1 Rxb1 33. Rxb1 1-0

[Event "*** SCC Grand Prix: Titled Tuesday Blitz"]
[Site "Chess.com"]
[Date "2020.07.07"]
[Round "1"]
[White "ClassyEl"]
[Black "wonderfultime"]
[Result "0-1"]
[WhiteElo "2456"]
[BlackElo "3009"]
[TimeControl "180+1"]
[EndTime "10:06:38 PDT"]
[Termination "wonderfultime won by resignation"]

1. d4 d5 2. Bf4 Nf6 3. e3 e6 4.
Nd2 Bd6 5. Bg3 c5 6. Ngf3 O-O 7. c4 Nc6 8. dxc5 Bxc5 9. a3 a5 10. Qc2 Qe7 11. Bd3 h6 12. O-O Rd8 13. Rac1 Bb6 14.
Rfd1 a4 15. Bh4 Bd7 16. cxd5 exd5 17. Qc3 g5 18. Nxg5 hxg5 19. Bxg5 d4 20. exd4 Bxd4 21. Qc2 Bxf2+ 22. Kh1 Nd4 23. Qb1 Ra5 24. Bxf6 Qxf6 25. Ne4 Qh4 26. Nxf2 Qxf2 27. Rc4 Be6 28. Rb4 Rg5 29.
Be4 Kg7 30. Rxb7 Rh8 31. Qd3 Rxh2+ 32. Kxh2 Rh5+ 0-1

[Event "*** SCC Grand Prix: Titled Tuesday Blitz"]
[Site "Chess.com"]
[Date "2020.07.07"]
[Round "1"]
[White "swisspower96"]
[Black "Chessdemon2019"]
[Result "1-0"]
[WhiteElo "2611"]
[BlackElo "2281"]
[TimeControl "180+1"]
[EndTime "10:06:38 PDT"]
[Termination "swisspower96 won by resignation"]

1. d4 Nf6 2. c4 e6 3. Nf3 b6 4. g3 Bb7 5. Bg2 Bb4+ 6. Bd2 Bxd2+ 7. Qxd2 O-O 8. O-O d6 9. Rd1 Qe7 10. Qc2 c5 11. Nc3 Nbd7 12. d5 exd5 13. cxd5 a6 14. a4 Ne5 15. Nd2 Bc8 16. h3 Bd7 17. f4 Ng6 18. e4 b5 19. Re1 Nh5 20. Nf1 b4 21.
Nd1 f5 22. Nf2 fxe4 23. Nxe4 Rfe8 24. Qf2 Nf6 25. Nxc5 Qf7 26. Ne6 Bxe6 27. dxe6 Qa7 28. Bxa8 Qxa8 29. Rad1 Ne4 30. Qg2 d5 31. Ne3 Rxe6 32.
Nxd5 Nc5 33. Rxe6 Nxe6 34. Ne7+ 1-0

[Event "*** SCC Grand Prix: Titled Tuesday Blitz"]
[Site "Chess.com"]
[Date "2020.07.07"]
[Round "1"]
[White "Vandros57"]
[Black "AldokhinIvan"]
[Result "0-1"]
[WhiteElo "2127"]
[BlackElo "2518"]
[TimeControl "180+1"]
[EndTime "10:06:38 PDT"]
[Termination "AldokhinIvan won on time"]

1. d4 Nf6 2. Nf3 g6 3. c4 Bg7 4.
Nc3 d6 5. e4 O-O 6. Be2 Nc6 7.
d5 Nb4 8. a3 Na6 9. O-O Re8 10.
h3 e6 11. Be3 exd5 12. exd5 Nc5 13. Bd4 Bd7 14. b4 Nce4 15. Nxe4 Nxe4 16. Bxg7 Kxg7 17. Qd4+ Qf6 18. Bd3 Re7 19. Rfe1 Qxd4 20. Nxd4 Rae8 21. f3 Nc3 22. Rxe7 Rxe7 23. Kf2 Kf6 24. Re1 Rxe1 25.
Kxe1 Ke5 26. Nc2 b5 27. Kd2 bxc4 28. Bxc4 Nxd5 29. Bxd5 Kxd5 30. Kc3 c5 31. Ne3+ Kc6 32. f4 Bf5 33. g4 Be4 34. h4 d5 35. bxc5 Kxc5 36.
Nf1 d4+ 37. Kd2 Kc4 38. Ng3 Bf3 39. g5 a5 40. f5 a4 41. f6 Kb3 42. Kd3 Kxa3 43.
Kxd4 Kb2 44. h5 a3 45. hxg6 hxg6 46. Nf1 a2 47. Nd2 Be2 0-1

[Event "*** SCC Grand Prix: Titled Tuesday Blitz"]
[Site "Chess.com"]
[Date "2020.07.07"]
[Round "1"]
[White "S2PAc"]
[Black "CroissantNeuf"]
[Result "1-0"]
[WhiteElo "2767"]
[BlackElo "2406"]
[TimeControl "180+1"]
[EndTime "10:06:40 PDT"]
[Termination "S2PAc won by resignation"]

1. d4 d5 2. Nf3 Nf6 3. g3 c5 4.
Bg2 cxd4 5. O-O h6 6. b3 Bg4 7.
Ne5 Bf5 8. Qxd4 Nbd7 9. Nxd7 Qxd7 10. c4 dxc4 11. Qxd7+ Bxd7 12. bxc4 O-O-O 13. Nc3 e6 14. Rb1 b6 15. Bf4 Bc5 16. a4 Rhe8 17. a5 e5 18. Bc1 Bf5 19. Ra1 bxa5 20. Ba3 Bd4 21.
Bb2 e4 22. Rxa5 Ng4 23. Rxf5 1-0

[Event "*** SCC Grand Prix: Titled Tuesday Blitz"]
[Site "Chess.com"]
[Date "2020.07.07"]
[Round "1"]
[White "RobertoJBM"]
[Black "juniortay"]
[Result "1-0"]
[WhiteElo "2705"]
[BlackElo "2378"]
[TimeControl "180+1"]
[EndTime "10:06:42 PDT"]
[Termination "RobertoJBM won by resignation"]

1. d4 d5 2. c4 e6 3. Nc3 c5 4.
cxd5 exd5 5. Nf3 Nc6 6. e3 Nf6 7. Be2 c4 8. O-O Bb4 9. Ne5 O-O 10. f4 Bf5 11. Bd2 Bxc3 12. Bxc3 Ne4 13. Be1 f6 14. Nxc6 bxc6 15. b3 c3 16. Bd3 Rc8 17. Bxe4 Bxe4 18. Bxc3 f5 19. Bb4 Rf6 20. Rf2 Rh6 21. g3 Qe8 22.
Rc1 Qg6 23. Rg2 Bxg2 24. Kxg2 Qe6 25. Qf3 Qe8 26. Rc5 Re6 27. Bd2 Qe7 28. Kf2 Re8 29. Qe2 Rh6 30. h4 Rg6 31. Qf3 Rg4 32. Rxc6 Qf7 33.
Rd6 Rg6 34. Rxd5 Rge6 35. Rc5 Re4 36. Qd1 h6 37. Qc2 Qh5 38. Qc4+ Kh7 39. Qe2 Qg6 40. h5 Qf7 41. Qf3 Qd7 42. b4 Qa4 43. Rxf5 Qxa2 44. Qe2 Rxe3 45. Bxe3 Qe6 46. Re5 Qh3 47. Qd3+ 1-0

[Event "*** SCC Grand Prix: Titled Tuesday Blitz"]
[Site "Chess.com"]
[Date "2020.07.07"]
[Round "1"]
[White "floplover"]
[Black "ShapkinAnatoliy"]
[Result "1-0"]
[WhiteElo "2291"]
[BlackElo "2587"]
[TimeControl "180+1"]
[EndTime "10:06:44 PDT"]
[Termination "floplover won by resignation"]

1. d4 Nf6 2. c4 g6 3. Nc3 d5 4.
cxd5 Nxd5 5. e4 Nxc3 6. bxc3 Bg7 7. Be3 c5 8. Rc1 Qa5 9. Qd2 O-O 10. Nf3 Rd8 11. d5 e6 12. Bg5 f6 13. Be3 exd5 14.
exd5 Nc6 15. Be2 c4 16. Bxc4 Be6 17. dxe6 Rxd2 18. Bxd2 Qc5 19. Bb3 Na5 20. Be3 Qf5 21. Nd4 Qe4 22. Bd1 Nc4 23. Bf3 Qe5 24. O-O Nxe3 25.
fxe3 Qxe3+ 26. Kh1 f5 27. Rfe1 Qd3 28. e7 Re8 29. Bd5+ Kh8 30. Bf7 Rxe7 31. Rxe7 Bxd4 32.
cxd4 Qxd4 33. Be6 Qd8 34. Rc8 1-0

[Event "*** SCC Grand Prix: Titled Tuesday Blitz"]
[Site "Chess.com"]
[Date "2020.07.07"]
[Round "1"]
[White "SidArun"]
[Black "aNaartjieZA"]
[Result "1/2-1/2"]
[WhiteElo "2208"]
[BlackElo "2542"]
[TimeControl "180+1"]
[EndTime "10:06:44 PDT"]
[Termination "Game drawn by repetition"]

1. d4 Nf6 2. Bg5 Ne4 3. h4 c5 4. d5 Qb6 5. Nd2 Nxd2 6. Bxd2 e6 7. e4 d6 8. Nf3 Be7 9. Bc4 e5 10. Rb1 Qc7 11. a4 a6 12. a5 Bg4 13. Qe2 Nd7 14. Qd3 b5 15. axb6 Nxb6 16. Ba5 Qb7 17. Qb3 Rb8 18.
Bxb6 Qxb6 19. Qxb6 Rxb6 20. Nd2 O-O 21. f3 Bd7 22. g4 Rfb8 23. b3 Bd8 24. Ke2 Bb5 25.
Kd3 R6b7 26. Ra1 Kf8 27. Ra2 Ke8 28. h5 h6 29. Rha1 Bg5 30. Nf1 Bf4 31. c3 Ke7 32.
Nd2 Kf6 33. Nb1 Bxc4+ 34. Kxc4 Rxb3 35. Nd2 Rb2 36. Kd3 Bxd2 37. Rxb2 Rxb2 38. Rxa6 Be3 39. Kxe3 Ke7 40. Ra7+ Ke8 41. Ra8+ Ke7 42. Ra7+ Ke8 43.
Ra8+ Kd7 44. Ra7+ Ke8 1/2-1/2